 Dungeon Crawl Stone Soup version 0.27.1-33-g824d729ab1 (webtiles) character file.

Game seed: 8849708540921177784

29029 potato4science the Covert (level 13, 0/78 HPs)
             Began as a Kobold Enchanter on Dec 24, 2021.
             Was the Champion of Okawaru.
             Killed from afar by a shock serpent (32 damage)
             ... with an electric aura
             ... on level 13 of the Dungeon.
             The game lasted 02:05:31 (22182 turns).

potato4science the Covert (Kobold Enchanter)       Turns: 22182, Time: 02:05:32

Health: 0/78       AC:  9    Str: 10    XL:     13   Next: 77%
Magic:  30/32      EV: 27    Int: 17    God:    Okawaru [******]
Gold:   821        SH: 11    Dex: 15    Spells: 17/26 levels left

rFire    . . .     SeeInvis .   a - +2 dagger (freeze)
rCold    . . .     Faith    .   u - +0 buckler of Hairiness {Regen+}
rNeg     . . .     Spirit   .   I - +1 robe {Archmagi}
rPois    .         Reflect  +   R - +2 hat {Stlth+}
rElec    .         Harm     .   v - scarf {repulsion}
rCorr    .         Rampage  .   r - +2 pair of gloves
Will     .....     Archmagi +   l - +0 pair of boots
Stlth    +++++++...             N - amulet of reflection
HPRegen  1.23/turn              g - ring of magical power
MPRegen  0.23/turn              x - ring of the Hare {EV+8}

@: repel missiles
A: small, no large weapons, nightstalker 3
a: Renounce Religion, Heroism, Finesse


You were on level 13 of the Dungeon.
You worshipped Okawaru.
Okawaru was exalted by your worship.
You visited 2 branches of the dungeon, and saw 14 of its levels.
You also visited: Ossuary.

You collected 899 gold pieces.
You spent 78 gold pieces at shops.

Inventory:

Hand Weapons
 a - a +2 dagger of freezing (weapon)
 b - the +8 hunting sling of Unreason {freeze, rC- Str+2 Int+6}
   (Okawaru gifted it to you on level 10 of the Dungeon)

   Any ammunition fired from it freezes those it strikes, dealing additional
   cold damage.
   It can also slow down cold-blooded creatures.
   Str:       It affects your strength (+2).
   Int:       It affects your intelligence (+6).
   rC:        It makes you vulnerable to cold.
Missiles
 e - 2 silver boomerangs
 i - 6 boomerangs of dispersal
 k - 159 bolts
 q - 45 poisoned darts
 y - 7 throwing nets
 F - 8 boomerangs
 K - 11 curare-tipped darts
 P - 15 sling bullets
 U - 3 datura-tipped darts
Armour
 l - a +0 pair of boots (worn)
 r - a +2 pair of gloves (worn)
 u - the +0 buckler of Hairiness (worn) {Regen+}
   (You acquired it on level 5 of the Dungeon)

   Regen:     It increases your rate of health regeneration.
 v - a scarf of repulsion (worn)
 I - a +1 robe of the Archmagi (worn)
 J - the +1 robe of the Hall of Blades {+Inv rElec rF- Stlth-}
   (You found it on level 9 of the Dungeon)

   rF:        It makes you vulnerable to fire.
   rElec:     It insulates you from electricity.
   +Inv:      It lets you turn invisible.
   Stlth:     It makes you less stealthy.
 Q - +0 swamp dragon scales
 R - a +2 hat of stealth (worn)
Magical Staves
 j - a staff of fire
 m - a staff of poison
Jewellery
 g - a ring of magical power (left hand)
 n - a ring of positive energy
 x - the ring of the Hare (right hand) {EV+8}
   (You found it on level 4 of the Dungeon)

   [ring of evasion]

   EV:        It affects your evasion (+8).
 N - an amulet of reflection (around neck)
Wands
 t - a wand of flame (28)
 M - a wand of mindburst (26)
Scrolls
 c - 4 scrolls of teleportation
 h - 3 scrolls of fear
 o - 3 scrolls of enchant weapon
 p - a scroll of identify
 w - 6 scrolls of enchant armour
 E - 2 scrolls of magic mapping
 H - a scroll of blinking
 O - 2 scrolls of amnesia
Potions
 d - 2 potions of flight
 f - a potion of cancellation {unknown}
 s - 3 potions of mutation
 z - 2 potions of magic
 A - 5 potions of curing
 B - 3 potions of heal wounds
 C - a potion of might {unknown}
 D - 4 potions of brilliance
 L - a potion of berserk rage {unknown}
 S - a potion of ambrosia {unknown}
 T - a potion of haste {unknown}


   Skills:
 - Level 8.0 Fighting
 - Level 10.0 Short Blades
 - Level 5.0 Armour
 - Level 9.0 Dodging
 + Level 11.5 Stealth
 - Level 5.0 Shields
 - Level 7.0 Spellcasting
 - Level 5.0 Conjurations
 - Level 7.0 Hexes
 - Level 7.0 Ice Magic
 - Level 7.0 Invocations
 - Level 5.0 Evocations


You had 17 spell levels left.
You knew the following spells:

 Your Spells              Type           Power      Damage    Failure   Level
a - Corona                Hex            48%        N/A       1%          1
b - Ensorcelled Hibernat  Hex/Ice        88%        N/A       1%          2
c - Confusing Touch       Hex            44%        N/A       1%          3
d - Dazzling Flash        Conj/Hex       78%        N/A       3%          3

Your spell library contained the following spells:

 Spells                   Type           Power      Damage    Failure   Level
 Tukima's Dance           Hex            44%        N/A       1%          3
 Beastly Appendage        Tmut           16%        N/A       12%         1
 Wereblood                Tmut           8%         N/A       19%         2
 Gell's Gravitas          Tloc           4%         N/A       34%         3
 Lesser Beckoning         Tloc           4%         N/A       34%         3
 Spider Form              Tmut/Pois      4%         N/A       34%         3
 Teleport Other           Tloc           8%         N/A       34%         3


Dungeon Overview and Level Annotations

Branches:
Dungeon (13/15)            Temple (1/1) D:5            Lair (0/6) D:8
    Orc (0/2) D:9         Ossuary (visited)
 Vaults: D:13-14

Altars:
Ashenzari
Cheibriados
Dithmenos
Elyvilon
Fedhas
Gozag
Hepliaklqana
Kikubaaqudgha
Makhleb
Nemelex Xobeh
Okawaru
Qazlal
Ru
Sif Muna
Trog
Uskayaw
Vehumet
Wu Jian
Xom
Yredelemnul
Zin
The Shining One

Shops:
D:2 *   D:4 *   D:9 *(

Annotations:
D:13 exclusion: rakshasa


Innate Abilities, Weirdness & Mutations

You are small and have problems with some larger weapons.
You are completely attuned to the shadows.


Message History

You now have 801 gold pieces (gained 26).
You see here 3 large rocks.
You now have 821 gold pieces (gained 20).
Things that are here:
a +0 shortbow; 22 arrows; a centaur corpse You see here a +0 dagger.
k - 159 bolts (gained 19)
You see here a +0 arbalest.
A shock serpent comes into view.
Aiming: Ensorcelled Hibernation (safe; 1% risk of failure)
Press: ? - help, Q - select action, (/) - cycle Shift-Dir - straight line, f - shock serpent
Aim: a shock serpent (wandering, hasn't noticed you, chance to affect: 51%)
You feel a surge of power!
The shock serpent hisses angrily.
The shock serpent looks drowsy...
The shock serpent hisses angrily.
Aiming: Ensorcelled Hibernation (safe; 1% risk of failure)
Press: ? - help, Q - select action, (/) - cycle Shift-Dir - straight line, f - you, p - shock serpent
Okay, then.
The shock serpent misses you. You block the shock serpent's attack.
The shock serpent closely misses you.
The shock serpent shoots out a bolt of lightning at you!
The bolt of electricity misses you. The shock serpent bites you!
The shock serpent shocks you! You block the shock serpent's attack.
The shock serpent bites you but does no damage.
The shock serpent bites you! The shock serpent shocks you!
The shock serpent bites you. The shock serpent shocks you!
Aiming: Ensorcelled Hibernation (safe; 1% risk of failure)
Press: ? - help, Q - select action, (/) - cycle Shift-Dir - straight line, f/p - shock serpent
Aim: a shock serpent (chance to affect: 51%)
You feel a surge of power!
The shock serpent looks drowsy...
The helpless shock serpent fails to defend itself.
You perforate the shock serpent like a sieve!!!!
The shock serpent seems to slow down.
You freeze the shock serpent!!
You kill the shock serpent!
Okawaru is honoured by your kill.
The air sparks with electricity, shocking you!
You die...

#......#...)..##รท)[[......
#....).##...)....######...
#....).###....##)# ####
#..............#.###
#..#.......#(......##
#..##......##....#..#
#..###.....###....#.## #..#
##....# ##......## #..#
##.@.# ##.......
#..######..######....#..
#........)............#.##
#......#.}........#......#
#......##..#......##.....#
#......###.##.....###....#
#...[[.....###............
.....# ##.......#... .....#
##......##..


There were no monsters in sight!

Vanquished Creatures
  Kirke (D:11)
  A stone giant (D:13)
  Snorg (D:10)
  A yaktaur captain (D:13)
  A boulder beetle (D:10)
  Harold (D:9)
  A hydra (D:12)
  An ogre mage (D:13)
  2 centaur warriors (D:13)
  8 two-headed ogres
  A shock serpent (shapeshifter) (D:13)
  A deep elf zephyrmancer (D:13)
  A wolf spider (D:13)
  2 deep elf pyromancers
  A manticore (D:12)
  3 cyclopes
  5 slime creatures (D:12)
  A yaktaur (D:13)
  Maggie (D:10)
  2 unseen horrors
  2 komodo dragons
  5 trolls
  A jumping spider (shapeshifter) (D:12)
  Sigmund (D:3)
  A shadow (D:10)
  2 wraiths
  10 yaks
  7 hogs (D:11)
  2 wyverns
  7 vampire mosquitoes (D:12)
  An acid dragon (D:12)
  A water moccasin (D:6)
  4 orc warriors
  2 sky beasts
  A black bear (D:6)
  2 ogres (D:6)
  8 centaurs
  A phantom (D:6)
  4 kobold brigands
  2 gnoll sergeants (D:9)
  4 bullfrogs
  A wyvern zombie (D:7)
  A wyvern skeleton (D:6)
  A water moccasin skeleton (D:5)
  6 killer bees (D:10)
  A howler monkey (D:6)
  6 centaur zombies
  A human zombie (Ossuary)
  2 jellies (D:5)
  A gnoll shaman (D:5)
  7 orc priests
  4 hounds
  2 centaur skeletons
  2 iguanas
  10 orc wizards
  2 killer bee zombies
  2 howler monkey zombies
  2 mummies (Ossuary)
  17 gnolls
  3 adders
  A shadow imp (D:5)
  3 white imps
  An ufetubus (D:7)
  3 dart slugs
  28 orcs
  8 ball pythons
  5 bats
  4 endoplasms
  A gnoll zombie (Ossuary)
  6 hobgoblins
  2 quokkas (D:3)
  3 training dummies (D:9)
  2 frilled lizards (D:1)
  2 goblins
  A hobgoblin zombie (Ossuary)
  25 kobolds
  2 kobold zombies (Ossuary)
  2 orc zombies (Ossuary)
  2 rats (D:1)
276 creatures vanquished.

Notes
Turn   | Place    | Note
-------+----------+-------------------------------------------
     0 | D:1      | potato4science the Kobold Enchanter began the quest for the
                  | Orb.
     0 | D:1      | Reached XP level 1. HP: 10/10 MP: 3/3
   807 | D:1      | Reached XP level 2. HP: 10/15 MP: 5/5
   951 | D:1      | Reached skill level 5 in Stealth
  1163 | D:1      | Learned a level 2 spell: Ensorcelled Hibernation
  1353 | D:1      | Found a faded altar of an unknown god.
  1407 | D:1      | Reached skill level 1 in Fighting
  1604 | D:1      | Found a faded altar of an unknown god.
  1986 | D:2      | Reached XP level 3. HP: 13/20 MP: 6/6
  2265 | D:2      | Reached skill level 1 in Ice Magic
  2316 | D:2      | Found Geusoh's Assorted Antiques.
  3092 | D:3      | Reached skill level 1 in Armour
  3092 | D:3      | Reached XP level 4. HP: 25/25 MP: 7/7
  3389 | D:3      | Found a burning altar of Makhleb.
  3391 | D:3      | Noticed a green death
  3392 | D:3      | Noticed an orange demon
  3392 | D:3      | Noticed an orange demon
  3493 | D:3      | Noticed Sigmund
  3557 | D:3      | Reached XP level 5. HP: 30/30 MP: 8/8
  3887 | D:3      | Found a burning altar of Makhleb.
  4497 | D:4      | Found Tilediff's General Store.
  4500 | D:4      | Bought a scroll of teleportation for 36 gold pieces
  4500 | D:4      | Bought a scroll of magic mapping for 42 gold pieces
  4744 | D:4      | Found the ring of the Hare {EV+8}
  5420 | D:5      | Entered Level 5 of the Dungeon
  5423 | D:5      | Identified a scroll of acquirement
  5423 | D:5      | Acquired the +0 buckler of Hairiness {Regen+}
  5527 | D:5      | Reached skill level 1 in Shields
  5656 | D:5      | Noticed an orc warrior
  5659 | D:5      | Reached XP level 6. HP: 35/35 MP: 9/9
  5665 | D:5      | Killed an orc warrior
  5752 | D:5      | Found a staircase to the Ecumenical Temple.
  5757 | Temple   | Entered the Ecumenical Temple
  6045 | Temple   | Became a worshipper of Warmaster Okawaru
  6094 | D:5      | Reached XP level 7. HP: 40/41 MP: 10/10
  6786 | D:5      | Reached skill level 6 in Stealth
  7400 | D:5      | Found a staircase to the Ecumenical Temple.
  7786 | D:5      | Reached XP level 8. HP: 46/46 MP: 12/12
  7818 | D:5      | Reached * piety under Okawaru
  8088 | D:5      | Found a staircase to the Ecumenical Temple.
  8383 | D:6      | Reached skill level 5 in Short Blades
  8557 | D:6      | Found a sand-covered staircase.
  8562 | Ossuary  | Entered an ossuary
  8899 | D:6      | Reached skill level 7 in Stealth
  8979 | D:6      | Reached ** piety under Okawaru
  8980 | D:6      | Reached skill level 5 in Dodging
  9294 | D:6      | Reached XP level 9. HP: 52/52 MP: 15/15
  9645 | D:6      | Reached skill level 8 in Stealth
 10796 | D:3      | Killed Sigmund
 11044 | D:7      | Reached skill level 5 in Fighting
 11501 | D:7      | Reached *** piety under Okawaru
 11925 | D:7      | Reached XP level 10. HP: 59/59 MP: 16/16
 12190 | D:8      | Found a staircase to the Lair.
 12285 | D:8      | Reached skill level 9 in Stealth
 12295 | D:8      | Reached skill level 5 in Evocations
 13208 | D:8      | Found a staircase to the Lair.
 13646 | D:9      | Found Puoleass's Firing Range.
 13833 | D:9      | Found Viul's General Store.
 14002 | D:9      | Noticed Harold
 14167 | D:9      | Identified the amulet "Heseumpo" {Faith Str+3 Dex-5 SInv}
 14172 | D:9      | Found a staircase to the Orcish Mines.
 14407 | D:9      | Reached **** piety under Okawaru
 14426 | D:9      | Noticed a komodo dragon
 14457 | D:8      | Killed a komodo dragon
 14552 | D:9      | Reached skill level 5 in Spellcasting
 14556 | D:9      | Learned a level 3 spell: Confusing Touch
 14588 | D:9      | Identified the +1 robe of the Hall of Blades {+Inv rElec
                  | rF- Stlth-}
 14899 | D:9      | Noticed a two-headed ogre
 14921 | D:9      | Killed a two-headed ogre
 14921 | D:9      | Received a gift from Okawaru
 14922 | D:9      | Reached skill level 5 in Hexes
 14922 | D:9      | Reached skill level 5 in Ice Magic
 14922 | D:9      | Reached XP level 11. HP: 56/64 MP: 18/18
 15182 | D:8      | Reached ***** piety under Okawaru
 15363 | D:9      | Found a staircase to the Orcish Mines.
 15582 | D:9      | Found Puoleass's Firing Range.
 15683 | D:9      | Found Viul's General Store.
 15977 | D:9      | Killed Harold
 15978 | D:9      | Reached skill level 10 in Stealth
 16266 | D:9      | Found a staircase to the Orcish Mines.
 16297 | D:9      | Found Viul's General Store.
 16710 | D:10     | Entered Level 10 of the Dungeon
 17011 | D:10     | Noticed Maggie
 17015 | D:10     | Killed Maggie
 17015 | D:10     | Identified the +8 hunting sling of Unreason {freeze, rC-
                  | Str+2 Int+6} (Okawaru gifted it to you on level 10 of the
                  | Dungeon)
 17015 | D:10     | Received a gift from Okawaru
 17367 | D:10     | Noticed Snorg
 17392 | D:10     | Killed Snorg
 17393 | D:10     | Reached skill level 5 in Invocations
 17438 | D:10     | Noticed a boulder beetle
 17478 | D:10     | Killed a boulder beetle
 17800 | D:10     | Noticed a two-headed ogre
 17804 | D:10     | Killed a two-headed ogre
 17931 | D:10     | Noticed a two-headed ogre
 17942 | D:10     | Killed a two-headed ogre
 17942 | D:10     | Received a gift from Okawaru
 17943 | D:10     | Reached XP level 12. HP: 55/72 MP: 14/19
 18545 | D:11     | Noticed a two-headed ogre
 18549 | D:11     | Killed a two-headed ogre
 18768 | D:11     | Noticed a two-headed ogre
 18772 | D:11     | Killed a two-headed ogre
 19185 | D:11     | Noticed a two-headed ogre
 19189 | D:11     | Killed a two-headed ogre
 19869 | D:12     | Noticed Kirke
 20350 | D:11     | Noticed a sphinx
 20463 | D:11     | Killed Kirke
 20463 | D:11     | Received a gift from Okawaru
 20463 | D:11     | Received a gift from Okawaru
 20464 | D:11     | Reached skill level 10 in Short Blades
 20464 | D:11     | Reached skill level 11 in Stealth
 20673 | D:12     | Noticed a two-headed ogre
 20677 | D:12     | Killed a two-headed ogre
 20726 | D:12     | Noticed a seven-headed hydra
 20735 | D:12     | Killed a seven-headed hydra
 20736 | D:12     | Reached XP level 13. HP: 52/78 MP: 17/22
 20799 | D:12     | Reached skill level 5 in Shields
 20901 | D:12     | Reached ****** piety under Okawaru
 21437 | D:12     | Learned a level 3 spell: Dazzling Flash
 21504 | D:13     | Noticed a rakshasa
 21561 | D:13     | Noticed a centaur warrior
 21581 | D:13     | Killed a centaur warrior
 21582 | D:13     | Reached skill level 1 in Conjurations
 21706 | D:13     | Noticed an ogre mage
 21720 | D:13     | Killed an ogre mage
 21735 | D:13     | Received a gift from Okawaru
 21827 | D:13     | Noticed a stone giant
 21910 | D:13     | Noticed a yaktaur captain
 22001 | D:13     | Reached skill level 5 in Conjurations
 22009 | D:13     | Noticed a centaur warrior
 22011 | D:13     | Killed a yaktaur captain
 22036 | D:13     | Killed a centaur warrior
 22037 | D:13     | Reached skill level 5 in Armour
 22090 | D:13     | Killed a stone giant
 22182 | D:13     | Killed from afar by a shock serpent

Illustrated notes

Levels and vault maps discovered:
D:1:      dpeg_arrival_tiny_j, layout_loops_corners, basic_ecumenical_altar
D:2:      layout_loops_cross, serial_shops, nicolae_shop_overgrown_old_shop
D:3:      layout_basic, makhleb_altar_promises_db, dk_noncrumbling_3,
          uniq_sigmund
D:4:      layout_basic, serial_shops, nicolae_stop_n_shop_2
D:5:      layout_rooms, minmay_temple_entry_wispy
D:6:      cheibrodos_barr_body, layout_loops_ring, enter_ossuary_5,
          chequers_serial_rivers_micro_d, grunt_decor_clamped
D:7:      layout_basic, amcnicky_mini_corridor_feature
D:8:      layout_rooms, lair_entry_dummy
D:9:      layout_long_grid, david_orc_2, serial_shops, nicolae_square_shop,
          nicolae_shop_firing_range, uniq_harold
D:10:     layout_layer_cave, kennysheep_opposing_triangles, uniq_snorg,
          uniq_maggie
D:11:     layout_gridville
D:12:     layout_gridville, uniq_kirke
D:13:     minmay_outward_triangles, layout_basic,
          skrybe_vaults_entry_preservation, minivault_28, uniq_maurice,
          uniq_sonja
Temple:   nicolae_temple_the_god_donut

Skill      XL: |  1  2  3  4  5  6  7  8  9 10 11 12 13 |
---------------+----------------------------------------+-----
Stealth        | 5 6 7 8 9 10 11 | 11.5
Fighting       | 1 2 3 4 5 7 8 |  8.0
Ice Magic      | 1 2 3 4 5 6 7 |  7.0
Short Blades   | 2 3 4 6 8 9 10 | 10.0
Armour         | 1 2 3 4 5 |  5.0
Dodging        | 3 4 5 6 7 8 9 |  9.0
Shields        | 2 3 4 5 |  5.0
Spellcasting   | 3 4 5 6 7 |  7.0
Invocations    | 3 6 7 |  7.0
Hexes          | 4 5 6 7 |  7.0
Evocations     | 5 |  5.0
Conjurations   | 5 |  5.0

Action                   |  1- 3 |  4- 6 |  7- 9 | 10-12 | 13-15 || total
-------------------------+-------+-------+-------+-------+-------++-------
Melee: Dagger            |    89 |    88 |   228 |   429 |    52 ||   886
 Cast: Corona            |     3 |       |     3 |       |       ||     6
       Ensorcelled Hiber |     5 |    16 |    84 |   198 |    46 ||   349
       Confusing Touch   |       |       |       |       |     1 ||     1
Invok: Heroism           |       |       |     1 |     4 |       ||     5
Evoke: Wand              |       |     2 |     5 |    18 |     7 ||    32
  Use: Scroll            |       |     9 |     5 |     8 |       ||    22
 Stab: Sleeping          |    20 |    24 |    63 |   105 |    23 ||   235
       Distracted        |       |       |     2 |     1 |       ||     3
       Confused          |       |       |       |       |     1 ||     1
Armor: Robe              |    18 |    20 |    25 |   134 |     4 ||   201
Dodge: Dodged            |    51 |    58 |   121 |   553 |    90 ||   873
       Repelled          |       |       |     3 |     2 |     2 ||     7
Block: Buckler           |       |    14 |    49 |   181 |    46 ||   290
       Reflection        |       |       |       |       |    10 ||    10
